General information
			
			
        
        - name: BNet
 
        - type: Ladder team game (AT/RT)
 
        - host: Battle.net
 
        - saver: Tranalis
 
        
map: Goldshire 
        - players: 4
 
        - length: 22:38
 
        - speed: Fast
 - version: 1.22 W3XP
 - replay type:  Public
 
» download(150 KB)
Players
        team 1 (winner) 
              
              
Tranalis (
purple | 75 APM | 1703 actions | 22:38)
              
 6 Death Knight 
 3 Death Coil
 2 Unholy Aura
 1 Animate Dead
 5 Lich 
 3 Frost Nova
 2 Frost Armor
 
                » actions 
                
                | Assign group hotkey | 34 |  | 
| Build / train | 82 |  | 
| Enter build submenu | 17 |  | 
| Enter hero's abilities submenu | 11 |  | 
| Give item / drop item | 2 |  | 
| Remove unit from queue | 3 |  | 
| Right click | 900 |  | 
| Select / deselect | 417 |  | 
| Select group hotkey | 145 |  | 
| Use ability | 92 |  | 
                1703 total
 » units 
                
                | Acolyte | 8 |  | 
| Ghoul | 2 |  | 
| Crypt Fiend | 13 |  | 
| Obsidian Statue | 5 |  | 
                28 total
 » upgrades
                
                | Creature Attack | 3 |  | 
| Creature Carapace | 3 |  | 
| Web | 1 |  | 
| Destroyer Form | 1 |  | 
| Ghoul Frenzy | 1 |  | 
                9 total
 » buildings
                
                | Crypt | 1 |  | 
| Graveyard | 1 |  | 
| Ziggurat | 8 |  | 
| Altar of Darkness | 1 |  | 
| Tomb of Relics | 2 |  | 
| Nerubian Tower | 1 |  | 
| Halls of the Dead | 2 |  | 
| Slaughterhouse | 1 |  | 
| Black Citadel | 2 |  | 
| Spirit Tower | 4 |  | 
| Necropolis | 1 |  | 
                24 total
 » build order
                00:14 Crypt
00:21 Graveyard
00:43 Ziggurat
00:56 Altar of Darkness
01:48 Ziggurat
02:35 Tomb of Relics
02:45 Nerubian Tower
03:35 Tomb of Relics
04:48 Ziggurat
06:19 Halls of the Dead
08:11 Ziggurat
08:43 Slaughterhouse
09:15 Black Citadel
11:16 Ziggurat
11:18 Spirit Tower
16:27 Ziggurat
19:49 Spirit Tower
19:51 Ziggurat
20:56 Spirit Tower
20:58 Ziggurat
21:21 Spirit Tower
21:47 Necropolis
» items
                
                | Rod of Necromancy | 1 |  | 
| Circlet of Nobility | 3 |  | 
| Potion of Lesser Invulnerability | 3 |  | 
| Scroll of Town Portal | 2 |  | 
| Orb of Corruption | 1 |  | 
| Boots of Speed | 1 |  | 
| Scroll of Healing | 1 |  | 
                12 total
  
               
              
              
Zenako (
pink | 115 APM | 2597 actions | 22:37)
              
 5 Death Knight 
 3 Death Coil
 2 Unholy Aura
 4 Lich 
 2 Frost Nova
 2 Frost Armor
 
                » actions 
                
                | Assign group hotkey | 46 |  | 
| Basic commands | 248 |  | 
| Build / train | 76 |  | 
| Enter build submenu | 14 |  | 
| Enter hero's abilities submenu | 10 |  | 
| Give item / drop item | 4 |  | 
| Right click | 1160 |  | 
| Select / deselect | 490 |  | 
| Select group hotkey | 463 |  | 
| Use ability | 86 |  | 
                2597 total
 » units 
                
                | Acolyte | 5 |  | 
| Ghoul | 4 |  | 
| Crypt Fiend | 19 |  | 
| Frost Wyrm | 7 |  | 
                35 total
 » upgrades
                
                | Creature Attack | 3 |  | 
| Creature Carapace | 3 |  | 
| Burrow | 1 |  | 
                7 total
 » buildings
                
                | Graveyard | 1 |  | 
| Crypt | 1 |  | 
| Ziggurat | 6 |  | 
| Altar of Darkness | 1 |  | 
| Tomb of Relics | 1 |  | 
| Halls of the Dead | 2 |  | 
| Black Citadel | 1 |  | 
| Sacrificial Pit | 1 |  | 
| Boneyard | 1 |  | 
                15 total
 » build order
                00:03 Graveyard
00:08 Crypt
00:38 Ziggurat
00:58 Altar of Darkness
01:45 Tomb of Relics
02:24 Ziggurat
03:32 Halls of the Dead
04:37 Ziggurat
07:52 Ziggurat
08:18 Black Citadel
11:03 Sacrificial Pit
11:53 Boneyard
14:41 Ziggurat
14:44 Ziggurat
» items
                
                | Rod of Necromancy | 2 |  | 
| Scroll of Town Portal | 2 |  | 
| Potion of Healing | 3 |  | 
| Orb of Corruption | 1 |  | 
                8 total
  
               team 2 (loser) 
              
              
moliereeCH (
teal | 157 APM | 3545 actions | 22:35)
              
 4 Demon Hunter 
 2 Mana Burn
 2 Evasion
 3 Keeper of the Grove 
 1 Entangling Roots
 2 Force of Nature
 
                » actions 
                
                | Assign group hotkey | 43 |  | 
| Basic commands | 231 |  | 
| Build / train | 81 |  | 
| Enter build submenu | 16 |  | 
| Enter hero's abilities submenu | 7 |  | 
| Give item / drop item | 3 |  | 
| Right click | 1038 |  | 
| Select / deselect | 702 |  | 
| Select group hotkey | 1312 |  | 
| Use ability | 112 |  | 
                3545 total
 » units 
                
                | Wisp | 21 |  | 
| Huntress | 4 |  | 
| Dryad | 13 |  | 
| Druid of the Claw | 9 |  | 
                47 total
 » upgrades
                
                | Ultravision | 1 |  | 
| Abolish Magic | 1 |  | 
| Reinforced Hides | 2 |  | 
| Druid of the Claw Training | 2 |  | 
| Strength of the Wild | 1 |  | 
| Mark of the Claw | 1 |  | 
                8 total
 » buildings
                
                | Altar of Elders | 1 |  | 
| Moon Well | 6 |  | 
| Hunter's Hall | 1 |  | 
| Ancient of War | 1 |  | 
| Tree of Ages | 1 |  | 
| Ancient of Lore | 3 |  | 
| Tree of Eternity | 1 |  | 
| Ancient of Wonders | 1 |  | 
| Tree of Life | 1 |  | 
                16 total
 » build order
                00:03 Altar of Elders
00:18 Moon Well
01:26 Hunter's Hall
01:49 Ancient of War
02:01 Moon Well
03:04 Tree of Ages
03:39 Moon Well
05:28 Ancient of Lore
05:28 Ancient of Lore
05:35 Ancient of Lore
05:41 Moon Well
06:12 Tree of Eternity
06:21 Ancient of Wonders
09:23 Moon Well
11:31 Tree of Life
20:57 Moon Well
» items
                
                | Lesser Clarity Potion | 1 |  | 
| Potion of Healing | 4 |  | 
| Staff of Preservation | 2 |  | 
| Orb of Venom | 1 |  | 
| Scroll of Town Portal | 1 |  | 
| Anti-magic Potion | 1 |  | 
                10 total
  
               
              
              
Tm07.Conseq (
red | 150 APM | 3394 actions | 22:37)
              
 3 Demon Hunter 
 2 Mana Burn
 1 Evasion
 3 Pandaren Brewmaster 
 2 Breath of Fire
 1 Drunken Haze
 
                » actions 
                
                | Assign group hotkey | 370 |  | 
| Basic commands | 157 |  | 
| Build / train | 97 |  | 
| ESC pressed | 2 |  | 
| Enter build submenu | 18 |  | 
| Enter hero's abilities submenu | 6 |  | 
| Give item / drop item | 3 |  | 
| Right click | 1104 |  | 
| Select / deselect | 354 |  | 
| Select group hotkey | 1142 |  | 
| Use ability | 141 |  | 
                3394 total
 » units 
                
                | Wisp | 26 |  | 
| Huntress | 6 |  | 
| Druid of the Claw | 5 |  | 
| Mountain Giant | 4 |  | 
| Dryad | 6 |  | 
                47 total
 » upgrades
                
                | Ultravision | 1 |  | 
| Druid of the Claw Training | 2 |  | 
| Strength of the Wild | 2 |  | 
| Mark of the Claw | 1 |  | 
| Hardened Skin | 1 |  | 
| Resistant Skin | 1 |  | 
| Reinforced Hides | 2 |  | 
                10 total
 » buildings
                
                | Altar of Elders | 1 |  | 
| Moon Well | 7 |  | 
| Hunter's Hall | 1 |  | 
| Ancient of War | 1 |  | 
| Tree of Ages | 2 |  | 
| Ancient of Lore | 2 |  | 
| Tree of Eternity | 2 |  | 
| Ancient of Wonders | 2 |  | 
| Tree of Life | 1 |  | 
                19 total
 » build order
                00:05 Altar of Elders
00:18 Moon Well
01:50 Hunter's Hall
01:54 Ancient of War
02:00 Moon Well
02:59 Tree of Ages
02:59 Tree of Ages
03:26 Moon Well
03:31 Moon Well
05:30 Ancient of Lore
05:35 Tree of Eternity
05:35 Tree of Eternity
06:27 Ancient of Lore
08:33 Ancient of Wonders
10:12 Moon Well
11:06 Tree of Life
17:14 Moon Well
19:37 Moon Well
19:50 Ancient of Wonders
» items
                
                | Boots of Speed | 2 |  | 
| Staff of Preservation | 1 |  | 
| Potion of Healing | 4 |  | 
| Anti-magic Potion | 5 |  | 
| Orb of Venom | 1 |  | 
| Scroll of Town Portal | 4 |  | 
                17 total
  
                Chat log
          
(03:57 / Allies) Zenako: you hade very late hero syr
(06:09 / Allies) Tranalis: wisp
(22:11 / All) Tranalis: GG
(22:18 / All) Tm07.Conseq: wal sie